 Dungeon Crawl Stone Soup version 0.18-a0-1024-gf1736fb (webtiles) character file.

2351 JokEr the Scratcher (level 9, 0/51 HPs)
             Began as a Felid Transmuter on Jan 7, 2016.
             Slain by a troll (18 damage)
             ... on level 9 of the Dungeon.
             The game lasted 00:29:34 (15213 turns).

JokEr the Scratcher (Felid Transmuter)             Turns: 15213, Time: 00:29:34

Health: 0/51       AC:  7    Str:  6    XL:     9   Next: 20%
Magic:  16/20      EV: 13    Int: 23    God:
Gold:   504        SH:  0    Dex: 17    Spells: 3 memorised, 11 levels left
                                        Lives:  0   Deaths: 3

rFire  x . .     SeeInvis +       - Unarmed
rCold  + + +     Gourm    .     (armour unavailable)
rNeg   . . .     Faith    .     (shield unavailable)
rPois  +         Spirit   .     (helmet unavailable)
rElec  .         Dismiss  .     (cloak unavailable)
rCorr  .         Reflect  .     (gloves unavailable)
SustAt .         Harm     .     (boots unavailable)
MR     +....                    (no amulet)
Stlth  ++........               t - ring of poison resistance
                                f - +5 ring of intelligence

@: ice-form, somewhat resistant to hostile enchantments, unstealthy
A: no armour, no weapons or thrown items, (claws 0), (fangs 0), repulsion field
1, see invisible, carnivore 3, (speed 0), (shaggy fur 0), slow metabolism 1,
evolution 1, (sharp paws)
a: End Transformation


You were on level 9 of the Dungeon.
You were very full.
You were a creature of crystalline ice.
You visited 2 branches of the dungeon, and saw 10 of its levels.

You collected 504 gold pieces.

Inventory:

Missiles
 a - 282 arrows
Jewellery
 f - a +5 ring of intelligence (left front paw)
 t - a ring of poison resistance (right front paw)
Wands
 r - a wand of slowing (6/48)
 s - a wand of frost (23/48)
 w - a wand of magic darts (28/48)
 y - a wand of slowing (26/48)
Scrolls
 d - 2 scrolls of fear
 i - 2 scrolls of amnesia
 o - 2 scrolls of immolation
 q - a scroll of recharging
 u - 4 scrolls of identify
 v - a scroll of fog
 x - a scroll of noise {unknown}
 B - a scroll of remove curse
Potions
 e - 5 potions of poison
 h - 3 potions of lignification
 m - a potion of brilliance
 n - 3 potions of flight
 z - a potion of ambrosia
Books
 b - a book of Changes

   Spells                             Type                      Level
   a - Beastly Appendage              Transmutation                1
   b - Sticks to Snakes               Transmutation                2
   c - Spider Form                    Transmutation/Poison         3
   d - Ice Form                       Ice/Transmutation            4
   e - Blade Hands                    Transmutation                5
 k - a book of Alchemy

   Spells                             Type                      Level
   a - Sublimation of Blood           Necromancy                   2
   b - Ignite Poison                  Fire/Transmutation/Poison    3
   c - Alistair's Intoxication        Transmutation/Poison         4
   d - Condensation Shield            Ice                          4
   e - Petrify                        Transmutation/Earth          4
   f - Irradiate                      Conjuration/Transmutation    5
 l - a Grand Grimoire

   Spells                             Type                      Level
   a - Monstrous Menagerie            Summoning                    7
   b - Summon Greater Demon           Summoning                    7
   c - Malign Gateway                 Summoning/Translocation      7
   d - Summon Horrible Things         Summoning                    8
 p - a book of Envenomations

   Spells                             Type                      Level
   a - Spider Form                    Transmutation/Poison         3
   b - Alistair's Intoxication        Transmutation/Poison         4
   c - Olgreb's Toxic Radiance        Poison                       4
   d - Poisonous Cloud                Conjuration/Poison/Air       6
Comestibles
 c - 3 meat rations
 g - 4 beef jerkies
 j - 8 slices of pizza


   Skills:
 + Level 7.4 Fighting
 - Level 2.6 Dodging
 + Level 7.9 Unarmed Combat
 + Level 6.8 Spellcasting
 + Level 7.6 Transmutations
 + Level 6.2 Ice Magic


You had 11 spell levels left.
You knew the following spells:

 Your Spells              Type           Power        Failure   Level  Hunger
a - Beastly Appendage     Trmt           #####.       1%          1    None
b - Ice Form              Ice/Trmt       #####...     6%          4    ###....
c - Blade Hands           Trmt           #####.....   12%         5    #####..


Dungeon Overview and Level Annotations

Branches:
Dungeon (9/15)             Temple (1/1) D:6            Lair (0/8) D:9
    Orc: D:9-12

Altars:
Ashenzari
Cheibriados
Dithmenos
Elyvilon
Fedhas
Gozag
Kikubaaqudgha
Nemelex Xobeh
Okawaru
Pakellas
Qazlal
Ru
Sif Muna
Trog
Vehumet
Xom
Yredelemnul
The Shining One

Shops:
D:8 =

Annotations:
D:8 Grum


Innate Abilities, Weirdness & Mutations

You cannot wear armour.
You are incapable of wielding weapons or throwing items.
((You have sharp claws.))
((You have razor-sharp teeth.))
You have supernaturally acute eyesight.
You are carnivorous and can eat meat at any time.
((You cover ground quickly.))
((You are covered in thick fur (AC +2).))
You have a slow metabolism.
((Your sharp claws are effective at attacking unaware monsters.))
You are surrounded by a mild repulsion field (EV +2).
You evolve.


Message History

Found a potion of curing.
Your transformation is almost over.
The troll shouts!
Casting: Ice Form
Confirm with . or Enter, or press ? or * to list all spells.
You extend your transformation's duration.
You hit the troll. You freeze the troll.
The troll is lightly wounded.
The troll bites you!! The troll closely misses you.
The troll barely misses you.
You barely miss the troll.
The troll is lightly wounded.
The troll closely misses you. The troll barely misses you. The troll claws you!
You hit the troll. You freeze the troll.
The troll is lightly wounded.
The troll barely misses you. The troll claws you. The troll misses you.
You punch the troll! You freeze the troll.
The troll is moderately wounded.
The troll bites you!!
You die...

...# ###...###.#
#..# #.###.# #
...# #+ ## #..#
#.# #)#### ...#
#..# #.# #.....
...# #..# #.#
#..... ###..# #.#
#.###.
###....####.# #.#
#. ##...........#
#.# #.
#............#
#.# #.
#..TY..####..#
#.# #.
#.........# #..#
#.# #.
#.........# #..#
#.# #.
#........!#
#..###.###.
#..##.....#
#.......... #.
#.....#
#...#...... #
#.....#
#...#......
#.....#
#...#......
...####...#......


You could see a troll.

Vanquished Creatures
  The ghost of namelastname112 the Covert, a novice DrFE of Ru (D:7)
  A fire drake (D:9)
  A yak (D:8)
  2 humans
  2 hogs (D:8)
  3 wolves (D:8)
  Duvessa (D:6)
  6 orc warriors
  An ice beast (D:4)
  5 phantoms
  5 centaurs
  2 sky beasts
  A crocodile (D:9)
  A big kobold (D:8)
  4 giant frogs
  Dowan (D:6)
  A wyvern skeleton (D:8)
  A scorpion (D:9)
  12 wights
  2 crimson imps
  A giant frog zombie (D:9)
  4 hounds
  3 orc priests
  5 orc wizards
  3 centaur skeletons
  A human skeleton (D:2)
  Jessica (D:3)
  2 iguanas
  6 worker ants
  A sheep (D:8)
  2 hound skeletons
  A hound zombie (D:7)
  6 gnolls
  8 adders
  2 shadow imps
  3 oozes
  2 adder zombies (D:5)
  2 adder skeletons
  7 worms
  17 giant geckos
  40 orcs
  2 ball pythons
  3 bats
  15 giant cockroaches
  4 goblins
  10 hobgoblins
  14 jackals
  3 quokkas
  3 giant newts
  A jackal skeleton (D:3)
  2 jackal zombies
  12 kobolds
  A quokka zombie (D:6)
  5 rats
245 creatures vanquished.

Notes
Turn   | Place    | Note
--------------------------------------------------------------
     0 | D:1      | JokEr the Felid Transmuter began the quest for the Orb.
     0 | D:1      | Reached XP level 1. HP: 9/9 MP: 4/4
   157 | D:1      | Reached XP level 2. HP: 9/12 MP: 4/6
   987 | D:2      | Reached XP level 3. HP: 13/16 MP: 5/7
  1994 | D:2      | Reached XP level 4. HP: 3/20 MP: 6/9
  2381 | D:2      | Found a runed door.
  2381 | D:2      | Noticed a human
  2387 | D:2      | Found a basalt altar of Yredelemnul.
  2421 | D:2      | Killed a human
  2421 | D:2      | Reached skill level 4 in Unarmed Combat
  2421 | D:2      | Reached XP level 5. HP: 6/24 MP: 8/10
  2663 | D:2      | Found a shadowy altar of Dithmenos.
  3232 | D:2      | Gained mutation: You are covered in thick fur (AC +2). [Felid growth]
  3232 | D:2      | Reached XP level 6. HP: 18/28 MP: 10/12
  3389 | D:2      | Learned a level 4 spell: Ice Form
  3395 | D:2      | Learned a level 5 spell: Blade Hands
  4227 | D:3      | Found a deep blue altar of Sif Muna.
  4282 | D:3      | Noticed Jessica
  4586 | D:3      | Reached skill level 1 in Ice Magic
  4718 | D:3      | HP: 1/28 [orc wizard/dagger (3)]
  4720 | D:3      | Slain by an orc wizard
  4721 | D:3      | Reached XP level 5. HP: 0/36 MP: 11/11
  4915 | D:3      | Reached XP level 6. HP: 7/28 MP: 12/12
  5120 | D:3      | Killed Jessica
  5156 | D:3      | Found a bloodstained altar of Trog.
  5202 | D:3      | Found an oddly glowing altar of Pakellas.
  5203 | D:3      | Found a stormy altar of Qazlal.
  5710 | D:4      | Reached skill level 5 in Unarmed Combat
  6142 | D:5      | Entered Level 5 of the Dungeon
  6242 | D:5      | Reached XP level 7. HP: 17/32 MP: 14/14
  8878 | D:6      | Found a staircase to the Ecumenical Temple.
  8916 | Temple   | Entered the Ecumenical Temple
  9230 | D:6      | Reached XP level 8. HP: 5/36 MP: 6/16
  9602 | D:6      | Noticed Duvessa
  9602 | D:6      | Noticed Dowan
  9609 | D:6      | Killed Duvessa
  9612 | D:6      | Killed Dowan
  9612 | D:6      | Reached skill level 5 in Fighting
  9952 | D:6      | Reached skill level 5 in Transmutations
 10019 | D:6      | Reached skill level 5 in Spellcasting
 10393 | D:6      | Reached skill level 6 in Unarmed Combat
 11512 | D:6      | Reached XP level 9. HP: 32/41 MP: 14/18
 12926 | D:7      | Noticed namelastname112's ghost (novice DrFE)
 12937 | D:7      | Killed namelastname112's ghost
 12937 | D:7      | Reached skill level 7 in Unarmed Combat
 12937 | D:7      | Reached skill level 5 in Ice Magic
 13177 | D:7      | Gained mutation: You are surrounded by a mild repulsion field (EV +2). [potion of mutation]
 13177 | D:7      | Gained mutation: Your body sometimes deteriorates upon taking damage. [potion of mutation]
 13177 | D:7      | Gained mutation: You evolve. [potion of mutation]
 13536 | D:8      | Found Jefuog's Jewellery Shoppe.
 13543 | D:8      | Noticed Grum
 13710 | D:8      | Reached XP level 10. HP: 39/46 MP: 16/20
 13770 | D:8      | Slain by a wolf
 13771 | D:8      | Reached XP level 9. HP: -1/50 MP: 19/19
 13898 | D:8      | Found a stormy altar of Qazlal.
 14182 | D:8      | HP: 2/51 [hog (9)]
 14188 | D:8      | HP: 2/51 [hog (4)]
 14189 | D:8      | Mangled by a hog
 14190 | D:8      | Reached XP level 8. HP: -7/48 MP: 17/18
 14190 | D:8      | Upgraded the game from 0.18-a0-1014-g3bbf375 to 0.18-a0-1024-gf1736fb
 14290 | D:8      | Lost mutation: Your body sometimes deteriorates upon taking damage. [evolution]
 14769 | D:9      | Found a staircase to the Lair.
 14769 | D:9      | Noticed a fire drake
 14778 | D:9      | Killed a fire drake
 14778 | D:9      | Reached XP level 9. HP: 43/43 MP: 15/20
 15042 | D:9      | Found a radiant altar of Vehumet.
 15205 | D:9      | Noticed a troll
 15213 | D:9      | Slain by a troll

Vault maps used:
D:1:      dpeg_arrival_stone_temple_mockup, serial_forest,
          infiniplex_forest_corner_2, infiniplex_forest_lined_corner,
          infiniplex_forest_diagonal, infiniplex_forest_clump_medium,
          infiniplex_forest_clump_tiny, infiniplex_forest_end_3
D:2:      nicolae_dithmenos_through_a_glass_darkly, first_bread,
          dk_yredelemnul_ordeal
D:3:      lemuel_doored_altar, led_sif_book, gammafunk_temple_overflow_statue,
          serial_undead, serial_undead_b, serial_undead_c, serial_undead_a,
          serial_undead_b, uniq_jessica
D:5:      gup_sewer_entry_bowl
D:6:      minmay_temple_entry_glassed_door, uniq_duvessa
D:8:      serial_shops, nicolae_shop_crystal, grunt_livestock,
          grunt_qazlal_clouds, uniq_grum
D:9:      grunt_temple_overflow_order_and_chaos_2,
          lemuel_coloured_pillars_altar, minmay_lair_entry_lava,
          hangedman_abyss_or_decor_clamps
Temple:   chambers_temple_12

Action                   |  1- 3 |  4- 6 |  7- 9 | 10-12 || total
-------------------------+-------+-------+-------+-------++-------
Melee: Unarmed           |    87 |   272 |   416 |     5 ||   780
 Cast: Beastly Appendage |    23 |    42 |     2 |       ||    67
       Ice Form          |       |       |    62 |     1 ||    63
       Blade Hands       |       |       |     1 |       ||     1
Evoke: Wand              |       |       |     4 |       ||     4
  Use: Scroll            |     3 |     8 |     8 |       ||    19
       Potion            |       |     2 |     9 |       ||    11
 Stab: Sleeping          |     2 |     1 |     3 |       ||     6
       Distracted        |       |       |     1 |       ||     1
  Eat: Chunk             |    10 |    13 |    39 |       ||    62
